 Dungeon Crawl Stone Soup version 0.26.1-11-gd32895ea62 (webtiles) character file.

Game seed: 15770565674409840664

194 Zeld the Digger (level 5, 0/29 HPs)
             Began as a Gargoyle Earth Elementalist on June 14, 2021.
             Slain by a ball python (1 damage)
             ... in a sewer.
             The game lasted 00:05:47 (4234 turns).

Zeld the Digger (Gargoyle Earth Elementalist)       Turns: 4234, Time: 00:05:48

Health: 0/29       AC:  7    Str: 12    XL:     5   Next: 73%
Magic:  0/9        EV: 12    Int: 16    God:
Gold:   89         SH:  0    Dex: 10    Spells: 4/10 levels left

rFire    . . .     SeeInvis .   (no weapon)
rCold    . . .     Faith    .   (no shield)
rNeg     + . .     Spirit   .   c - +0 robe
rPois    ∞         Reflect  .   (no helmet)
rElec    +         Harm     .   (no cloak)
rCorr    .         Rampage  .   q - +0 pair of gloves
Will     .....                  (no boots)
Stlth    ++........             (no amulet)
HPRegen  0.09/turn              (no ring)
MPRegen  0.11/turn              (no ring)

@: no status effects
A: negative energy resistance 1, electricity resistance, unbreathing,
petrification resistance, miasma immunity, AC +4
a: no special abilities


You were in a sewer.
You visited 1 branch of the dungeon, and saw 3 of its levels.
You also visited: Sewer.

You collected 89 gold pieces.

Inventory:

Armour
 c - a +0 robe (worn)
 f - a +0 kite shield
 q - a +0 pair of gloves (worn)
Scrolls
 a - a scroll of random uselessness {unknown}
 e - 3 scrolls of teleportation {unknown}
 h - a scroll of noise {unknown}
 i - 2 scrolls of fog {unknown}
 j - 2 scrolls of remove curse {unknown}
 k - a scroll of fear {unknown}
 l - a scroll of blinking {unknown}
 m - a scroll of immolation {unknown}
 n - 2 scrolls of identify {unknown}
 r - a scroll of enchant weapon {unknown}
 s - a scroll of amnesia {unknown}
 t - a scroll of magic mapping {unknown}
Potions
 d - 3 potions of curing {unknown}
 g - 2 potions of lignification {unknown}
 o - 3 potions of heal wounds {unknown}
 p - a potion of brilliance {unknown}


   Skills:
 + Level 1.4 Fighting
 + Level 2.2 Dodging
 + Level 2.9 Stealth
 * Level 3.2 Spellcasting
 + Level 1.4 Conjurations
 - Level 1.0 Transmutations
 * Level 5.0 Earth Magic


You had 4 spell levels left.
You knew the following spells:

 Your Spells              Type           Power        Failure   Level
a - Sandblast             Erth           36%          2%          1
b - Passwall              Tmut/Erth      10%          9%          2
c - Stone Arrow           Conj/Erth      24%          14%         3

Your spell library contained the following spells:

 Spells                   Type           Power        Failure   Level
 Petrify                  Tmut/Erth      12%          47%         4
 Lee's Rapid Deconstruct  Erth           9%           54%         5


Dungeon Overview and Level Annotations

Branches:
Dungeon (3/15)              Sewer (1/1)

Altars:


Innate Abilities, Weirdness & Mutations

You are resistant to torment.
Your stone body is resilient. (AC +4)
You are immune to poison.
You resist negative energy. (rN+)
You are resistant to electric shocks. (rElec)
You can survive without breathing.
You are immune to petrification.
You are immune to miasma.


Message History

The spell is quite dangerous to cast (14% risk of failure)!
Continue anyway?
Aiming: Stone Arrow (quite dangerous; 14% risk of failure)
Press: ? - help, Shift-Dir - straight line, f - frilled lizard
Aim: a frilled lizard (heavily wounded, 52% to evade)
The stone arrow hits the frilled lizard.
You kill the frilled lizard!
The ball python misses you. The ball python completely misses you.
The ball python bites you.
* * * LOW HITPOINT WARNING * * *
The ball python grabs you. The ball python constricts you.
Unknown command.
You escape the ball python's grasp.
You hit the ball python.
The ball python is moderately wounded.
The ball python bites you but does no damage.
The ball python closely misses you.
You closely miss the ball python.
The ball python is moderately wounded.
The ball python bites you.
You die...

###..≈≈≈≈≈≈≈≈≈≈≈
##....≈≈≈≈≈≈≈.≈.≈
##.....≈≈≈≈≈≈≈≈.≈≈
#.....≈≈≈≈≈≈≈≈≈.≈≈
#......≈≈≈≈≈≈†.≈≈≈
#...†.#≈≈≈≈≈≈≈#.#≈
#....#############
##...####
#.@S.#..#
#....'..#
#...##### ##...##
#....#############
#.....#≈≈≈≈≈≈≈≈.≈≈
#......≈≈≈≈≈≈≈≈≈≈≈
#.....≈≈≈≈≈≈≈≈≈≈≈≈
##.....≈≈≈≈≈≈≈≈≈≈≈


You could see a ball python.

Vanquished Creatures
  7 adders
  5 river rats (Sewer)
  An ooze (D:2)
  A worm (D:2)
  2 dart slugs
  A leopard gecko (D:1)
  3 orcs (D:2)
  4 giant cockroaches
  4 goblins
  8 hobgoblins
  10 kobolds
  4 ball pythons
  4 bats
  5 frilled lizards
  25 rats
84 creatures vanquished.

Notes
Turn   | Place    | Note
-------+----------+-------------------------------------------
     0 | D:1      | Zeld the Gargoyle Earth Elementalist began the quest for
                  | the Orb.
     0 | D:1      | Reached XP level 1. HP: 10/10 MP: 3/3
    94 | D:1      | Reached XP level 2. HP: 9/16 MP: 0/5
   112 | D:1      | Learned a level 2 spell: Passwall
   438 | D:1      | Reached skill level 4 in Earth Magic
   610 | D:1      | Reached skill level 1 in Transmutations
   610 | D:1      | Reached XP level 3. HP: 20/20 MP: 2/6
   614 | D:1      | Learned a level 3 spell: Stone Arrow
   987 | D:2      | Reached skill level 1 in Fighting
  1124 | D:2      | Reached XP level 4. HP: 25/25 MP: 5/8
  2219 | D:3      | Found a glowing drain.
  2226 | Sewer    | Entered a sewer
  2248 | Sewer    | Reached skill level 1 in Conjurations
  2751 | Sewer    | Reached XP level 5. HP: 21/29 MP: 4/9
  4206 | Sewer    | Reached skill level 5 in Earth Magic
  4224 | Sewer    | HP: 1/29 [ball python (1)]
  4230 | Sewer    | HP: 1/29 [ball python (1)]
  4234 | Sewer    | Slain by a ball python

Illustrated notes

Levels and vault maps discovered:
D:1:      dpeg_arrival_rhombus, layout_rooms
D:2:      layout_basic, serial_co_window_serial, co_window_paths_a,
          co_window_paths_b, co_window_corner_a, co_window_of_opportunity_a,
          co_window_paths_a, co_window_paths_a, co_window_paths_a,
          co_window_broadway_a, co_window_broadway_c, co_window_paths_c,
          co_window_2corner, glass_columns_a, glass_columns_a, glass_columns_a
D:3:      layout_loops_ring, nicolae_overflow_hidden_temple,
          chequers_ecumenical_altar_simple, gup_sewer_entry_bowl,
          lexackson_kobold_supper, uniq_natasha, uniq_grinder
Sewer:    sewer_minmay_w

Skill      XL: |  1  2  3  4  5 |
---------------+----------------+-----
Earth Magic    | 4 5 |  5.0
Transmutations | 1 |  1.0
Fighting       | 1 |  1.4
Dodging        | 2 |  2.2
Conjurations   | 1 |  1.4
Spellcasting   | 3 |  3.2
Stealth        | |  2.9

Action                   |  1- 3 |  4- 6 || total
-------------------------+-------+-------++-------
Melee: Unarmed           |    10 |    51 ||    61
 Cast: Sandblast         |    41 |    77 ||   118
       Stone Arrow       |       |     8 ||     8
Armor: Robe              |     8 |    87 ||    95
Dodge: Dodged            |    11 |   108 ||   119
Block: Kite shield       |       |     5 ||     5
